 Dungeon Crawl Stone Soup version 0.16-a0-44-gd96af6c (webtiles) character file.

68 Infinimo the Gusty (level 4, -3/24 HPs)
             Began as a Tengu Air Elementalist on Aug 5, 2014.
             Killed by divine providence
             ... invoked by an orc priest
              (15 damage)
             ... on Level 3 of the Dungeon.
             The game lasted 00:05:05 (2091 turns).

Infinimo the Gusty (Tengu Air Elementalist)         Turns: 2091, Time: 00:05:07

HP  -3/24        AC  3     Str  9      XL: 4   Next: 19%
MP   0/8         EV 12     Int 16      God:
Gold 55          SH  0     Dex 14      Spells:  3 memorised,  2 levels left

rFire  . . .     SeeInvis .     e - +1 hand axe (flame)
rCold  . . .     Clarity  .     a - +0 robe
rNeg   . . .     rCorr    .     (no shield)
rPois  .         rRot     .     (helmet restricted)
rElec  .         Spirit   .     (no cloak)
SustAb .         Warding  .     o - +0 pair of gloves
rMut   .         Stasis   .     (boots unavailable)
Gourm  .                        (no amulet)
MR     .....                    (no ring)
                                (no ring)

@: not resistant to hostile enchantments, unstealthy
A: beak, talons 3
a: no special abilities


You were on level 3 of the Dungeon.
You were hungry.

You visited 1 branch of the dungeon, and saw 3 of its levels.

You collected 55 gold pieces.

Inventory:

Hand weapons
 e - a +1 hand axe of flaming (weapon)
Armour
 a - a +0 robe (worn)
 o - a +0 pair of gloves (worn)
Comestibles
 c - 4 bread rations
 m - 2 fruits
 n - a slice of pizza
Scrolls
 d - 3 scrolls of enchant weapon
 f - 2 scrolls of remove curse
 g - a scroll of teleportation {unknown}
 h - 5 scrolls of identify
Jewellery
 l - an uncursed ring of flight
Potions
 i - a potion of cancellation {unknown}
 j - 2 potions of curing {unknown}
 k - a potion of brilliance {unknown}
 p - a potion of degeneration {unknown}
Books
 b - a book of Air

   Spells                             Type                      Level
   *Shock                             Conjuration/Air              1
   *Swiftness                         Charms/Air                   2
   *Repel Missiles                    Charms/Air                   2
   Flight                             Charms/Air                   3
   Static Discharge                   Conjuration/Air              3
   Lightning Bolt                     Conjuration/Air              5


   Skills:
 - Level 2.1 Dodging
 - Level 2.0 Stealth
 + Level 2.2 Spellcasting
 * Level 3.0 Conjurations
 * Level 5.6 Air Magic


You had 2 spell levels left.
You knew the following spells:

 Your Spells              Type           Power        Failure   Level  Hunger
a - Shock                 Conj/Air       ###.         4%          1    #......
b - Repel Missiles        Chrm/Air       ##....       12%         2    ##.....
c - Swiftness             Chrm/Air       ##......     12%         2    ##.....


Dungeon Overview and Level Annotations

Branches:
Dungeon (3/15)

Altars:


Innate Abilities, Weirdness & Mutations

You have a beak for a mouth.
You have claws for feet.


Message History

Casting: Shock
Confirm with . or Enter, or press ? or * to list all spells.
Aiming: Shock
Press: ? - help, Shift-Dir - straight line, f/p - orc priest
Aim: an orc priest wearing a leather armour (heavily wounded)
The zap hits the orc priest.
The orc priest is severely wounded.
The orc priest becomes somewhat translucent.
Casting: Shock
Confirm with . or Enter, or press ? or * to list all spells.
Aiming: Shock
Press: ? - help, Shift-Dir - straight line, f - orc wizard, p - orc priest
Aim: an orc wizard, wielding a dagger and wearing a robe The zap hits the orc priest.
The orc priest is almost dead.
The zap misses the orc wizard.
The orc priest mumbles some strange prayers to Beogh against you.
Something smites you!
Ouch! That really hurt!
You die...

#(.....# # ###...## ..
#.%.# .# # #...# .# .#.
#...# .#... .
#...#######.#.##.#
#######.........#.......
#...............#....).#.
.....%..........@.(..oo).
#...............#!..#.##.
#######...#####.##?.# #
#.........# .... #
#...####### ##.# # #...#
. # #.(.. # #....# ####.#


You could see an orc priest and an orc wizard.

Vanquished Creatures
  2 adders
  A worm (D:2)
  A giant gecko (D:1)
  3 orcs (D:3)
  11 bats
  A goblin (D:1)
  8 hobgoblins
  4 jackals (D:1)
  3 kobolds (D:1)
  A giant cockroach (D:3)
  A quokka (D:3)
  A rat (D:2)
37 creatures vanquished.

Notes
Turn   | Place    | Note
--------------------------------------------------------------
     0 | D:1      | Infinimo, the Tengu Air Elementalist, began the quest for the Orb.
     0 | D:1      | Reached XP level 1. HP: 10/10 MP: 3/3
   303 | D:1      | Reached XP level 2. HP: 15/15 MP: 1/5
   883 | D:1      | Reached XP level 3. HP: 19/19 MP: 4/7
  1356 | D:2      | Learned a level 2 spell: Repel Missiles
  1359 | D:2      | Learned a level 2 spell: Swiftness
  1463 | D:2      | Reached skill level 5 in Air Magic
  1892 | D:3      | Reached XP level 4. HP: 24/24 MP: 3/8
  2091 | D:3      | Killed from afar by an orc priest

Action                   |  1- 3 |  4- 6 || total
-------------------------+-------+-------++-------
Melee: Unarmed           |    16 |       ||    16
 Cast: Shock             |    68 |    12 ||    80
  Use: Scroll            |     6 |       ||     6
  Eat: Chunk             |     4 |       ||     4
